 Dungeon Crawl Stone Soup version 0.21-a0-171-g0f4a3b6 (webtiles) character file.

4639 Lunath the Cleaver (level 10, -20/91 HPs)
             Began as a Hill Orc Berserker on Aug 7, 2017.
             Was an Elder of Trog.
             Killed from afar by Felix's ghost (23 damage)
             ... with a fireball
             ... on level 8 of the Dungeon.
             The game lasted 00:14:22 (5538 turns).

Lunath the Cleaver (Hill Orc Berserker)             Turns: 5538, Time: 00:14:22

Health: -20/91     AC: 14    Str: 22    XL:     10   Next: 43%
Magic:  10/10      EV: 12    Int:  7    God:    Trog [****..]
Gold:   342        SH:  0    Dex: 16    Spells: 9/9 levels left

rFire    . . .     SeeInvis .   a - +5 war axe (venom)
rCold    . . .     Gourm    .   (no shield)
rNeg     . . .     Faith    .   i - +0 chain mail
rPois    .         Spirit   .   (no helmet)
rElec    .         Reflect  .   (no cloak)
rCorr    .         Harm     .   j - +0 pair of gloves
MR       ++...                  A - +0 pair of boots
Stlth    ..........             (no amulet)
HPRegen  1.25/turn              k - +4 ring of dexterity
MPRegen  0.12/turn              (no ring)

@: lethally poisoned (-20 -> -21), berserk cooldown, very slightly contaminated,
regenerating, slowed, invisible, very slow
A: no striking features
a: Berserk, Trog's Hand, Brothers in Arms, Burn Spellbooks, Renounce Religion


You were on level 8 of the Dungeon.
You worshipped Trog.
Trog was greatly pleased with you.
You were hungry.

You visited 1 branch of the dungeon, and saw 8 of its levels.
You also visited: Sewer.

You collected 342 gold pieces.

Inventory:

Hand Weapons
 a - a +5 war axe of venom (weapon)
Armour
 i - a +0 chain mail (worn)
 j - a +0 pair of gloves (worn)
 A - a +0 pair of boots (worn)
Jewellery
 k - a +4 ring of dexterity (left hand)
Wands
 d - a wand of lightning (6/15)
 s - a wand of random effects (8/48)
 u - a wand of lightning (15/15)
 x - a wand of acid (8/15)
 y - a wand of polymorph (8/24)
 D - a wand of polymorph (8/24)
Scrolls
 e - a scroll of identify
 g - a scroll of recharging
 h - 5 scrolls of remove curse
 o - a scroll of blinking
 w - 2 scrolls of teleportation
Potions
 f - 2 potions of haste
 l - 4 potions of agility
 m - 3 potions of might
 p - a potion of lignification
 r - a potion of curing {unknown}
 t - 2 potions of brilliance
 v - 2 potions of cancellation
 z - a potion of magic {unknown}
 B - a potion of invisibility
 C - a potion of flight {unknown}
Comestibles
 b - 4 meat rations
 c - 7 bread rations
 n - 2 royal jellies
 q - a chunk of flesh


   Skills:
 + Level 9.2 Fighting
 * Level 13.2 Axes
 - Level 9.2 Armour
 - Level 7.0 Dodging


You had 9 spell levels left.
You didn't know any spells.

Dungeon Overview and Level Annotations

Branches:
Dungeon (8/15)             Temple (0/1) D:7
   Lair: D:8-11

Altars:
Cheibriados
Gozag
Okawaru
Wu Jian
Xom

Shops:
D:3 *   D:4 ([::   D:6 ?   D:7 :

Annotations:
D:8 Felix's ghost, novice DrFE


Message History

You closely miss Felix's ghost.
Felix's ghost is moderately damaged.
You feel sick.
Felix's ghost points at you and mumbles some strange words.
The puff of flame misses you.
Felix's ghost gestures at you while chanting.
The flame tongue hits you!
* * * LOW HITPOINT WARNING * * *
Blink to where?
Press: ? - help, Dir - move target cursor You are very lightly contaminated with residual magic.
As you read the scroll of blinking, it crumbles to dust.
You feel sick.
Okay, then.
It was a potion of invisibility.
You fade into invisibility!
You feel sick. Felix's ghost casts a spell at you.
The fireball explodes!
The fireball engulfs you!
You die...

##.# #.# ###.#.# #.
##.# #.# #.#.#
###.#?###. ##.# #.)
....# #..........
##.# ### #.###
#.########. ##.# #.#
#.# #. ##.# #.# #.#
#. ##.### ##.## #.#
#. .......
#...####.########.
...###.
#@#....[..(.......
####
#...##....#######. #
.............#######>
#
.########............
# #...W....#####. #
#.##.###.# #. # #.
#.# #.# #. # #.# #(#
#. ..# #.# #.


You could see Felix's ghost.

Vanquished Creatures
  A two-headed ogre (D:8)
  The ghost of Dustman the Chopper, a novice DsFi (D:5)
  A wyvern (D:8)
  An ice beast (D:5)
  Purgy (Sewer)
  A phantom (D:5)
  3 centaurs (D:5)
  A big kobold (D:8)
  The ghost of seren the Insei, an amateur OpTm (D:3)
  2 bullfrogs (D:8)
  6 killer bees (D:8)
  2 howler monkeys
  2 crimson imps
  A bullfrog skeleton (D:6)
  3 orc priests (D:3)
  7 orc wizards
  3 iguanas
  6 worker ants
  A hound skeleton (D:5)
  A mummy (D:5)
  A howler monkey skeleton (D:8)
  10 adders
  3 shadow imps
  An adder skeleton (D:6)
  3 worms
  A dart slug (D:2)
  5 leopard geckos
  26 orcs
  6 giant cockroaches
  7 goblins
  7 hobgoblins
  15 jackals
  2 quokkas
  3 ball pythons
  6 bats
  12 frilled lizards
  A giant cockroach zombie (D:5)
  15 kobolds
  10 rats
179 creatures vanquished.

Vanquished Creatures (others)
  A hound (D:7)
1 creature vanquished.

Grand Total: 180 creatures vanquished

Notes
Turn   | Place    | Note
-------+----------+-------------------------------------------
     0 | D:1      | Lunath the Hill Orc Berserker began the quest for the Orb.
     0 | D:1      | Reached XP level 1. HP: 19/19 MP: 1/1
   372 | D:1      | Reached XP level 2. HP: 27/27 MP: 2/2
   872 | D:2      | Found a shimmering altar of Xom.
   880 | D:2      | Reached ** piety under Trog
   880 | D:2      | Reached skill level 5 in Axes
   883 | D:2      | Reached XP level 3. HP: 33/33 MP: 3/3
  1055 | D:2      | Found a faded altar of an unknown god.
  1070 | D:2      | Reached XP level 4. HP: 22/41 MP: 4/4
  1566 | D:3      | Reached skill level 6 in Axes
  1628 | D:3      | Found an opulent altar of Gozag.
  1630 | D:3      | Found Gozag's Platinum Reserve.
  1675 | D:3      | Reached XP level 5. HP: 44/47 MP: 5/5
  1680 | D:3      | Reached skill level 5 in Fighting
  1961 | D:3      | Noticed seren's ghost (amateur OpTm)
  1973 | D:3      | Killed seren's ghost
  1973 | D:3      | Reached skill level 7 in Axes
  2125 | D:3      | Reached XP level 6. HP: 56/56 MP: 6/6
  2204 | D:3      | Reached *** piety under Trog
  2263 | D:3      | Reached skill level 8 in Axes
  2509 | D:4      | Reached XP level 7. HP: 39/62 MP: 7/7
  2654 | D:4      | Reached skill level 9 in Axes
  2742 | D:4      | Found Juzuar's Antique Armour Shop.
  2791 | D:4      | Found Ducs's Weapon Boutique.
  2889 | D:4      | Found Gideih's Book Boutique.
  2941 | D:4      | Found Xitug's Book Shoppe.
  2975 | D:5      | Entered Level 5 of the Dungeon
  3074 | D:5      | Reached skill level 10 in Axes
  3167 | D:5      | Reached XP level 8. HP: 71/71 MP: 8/8
  3184 | D:5      | Reached **** piety under Trog
  3402 | D:5      | Found a glowing drain.
  3406 | Sewer    | Entered a sewer
  3586 | Sewer    | Noticed Purgy
  3589 | Sewer    | Killed Purgy
  3589 | Sewer    | Reached skill level 11 in Axes
  3777 | D:5      | Found a snail-covered altar of Cheibriados.
  4048 | D:5      | Noticed Dustman's ghost (novice DsFi)
  4055 | D:5      | Killed Dustman's ghost
  4055 | D:5      | Reached skill level 12 in Axes
  4090 | D:5      | Reached XP level 9. HP: 81/81 MP: 9/9
  4121 | D:6      | Found an iron altar of Okawaru.
  4252 | D:6      | Found Kidd's Magic Scroll Emporium.
  4376 | D:6      | Reached XP level 10. HP: 89/89 MP: 10/10
  4775 | D:7      | Found an ornate altar of the Wu Jian Council.
  4835 | D:7      | Found a staircase to the Ecumenical Temple.
  5011 | D:7      | Found Lypeffi's Book Shoppe.
  5293 | D:8      | Noticed a two-headed ogre
  5299 | D:8      | Killed a two-headed ogre
  5393 | D:8      | Reached skill level 13 in Axes
  5512 | D:8      | Noticed Felix's ghost (novice DrFE)
  5536 | D:8      | HP: 3/91 [Felix's ghost/flame tongue (11)]
  5538 | D:8      | Killed from afar by Felix's ghost

Vault maps used:
D:1:      moated_graveyard_arrival
D:2:      lemuel_crystal_altar, chequers_ecumenical_altar_simple_redux,
          minmay_lizard_pond
D:3:      nicolae_gozag_zags_fifth_avenue
D:4:      serial_shops, kennysheep_mini, shop, nicolae_shop_stone,
          kennysheep_mini_moat, serial_bayou_pond_b, grunt_tough_drop
D:5:      slow_altar_2, gup_sewer_entry_spiral, first_bread
D:6:      kennysheep_okawaru_gauntlet, serial_shops, shop_statue
D:7:      lemuel_temple_firewalk_b, basic_altar, serial_shops, shop
D:8:      erik_lair_dragon, trog_wizard
Sewer:    kennysheep_door_sewer

Skill      XL: |  1  2  3  4  5  6  7  8  9 10 |
---------------+-------------------------------+-----
Fighting       | 4 5 6 8 9 |  9.2
Axes           | 5 6 7 8 10 12 13 | 13.2
Armour         | 9 |  9.2
Dodging        | 7 |  7.0

Action                   |  1- 3 |  4- 6 |  7- 9 | 10-12 || total
-------------------------+-------+-------+-------+-------++-------
Melee: Hand axe          |   108 |   113 |       |       ||   221
       War axe           |       |    46 |   170 |    79 ||   295
Invok: Berserk           |     3 |     4 |     3 |     2 ||    12
       Trog's Hand       |       |     1 |     2 |     1 ||     4
Evoke: Wand              |       |       |     3 |       ||     3
  Use: Scroll            |       |       |    15 |     2 ||    17
       Potion            |       |       |     1 |     1 ||     2
  Eat: Chunk             |     3 |     8 |    11 |     5 ||    27
Armor: Ring mail         |     4 |       |       |       ||     4
       Chain mail        |    69 |    61 |    83 |    26 ||   239
Dodge: Dodged            |    59 |    83 |    69 |    38 ||   249
